 Dungeon Crawl Stone Soup version 0.26-a0-651-gb41185065b (webtiles) character file.

Game seed: 5700769232949041421

30 Lanoc the Sneak (level 3, 0/21 HPs)
             Began as an Octopode Enchanter on Oct 14, 2020.
             Slain by a wight
             ... wielding a cursed +0 hand axe
              (1 damage)
             ... on level 2 of the Dungeon.
             The game lasted 00:01:21 (670 turns).

Lanoc the Sneak (Octopode Enchanter)                 Turns: 670, Time: 00:01:21

Health: 0/21       AC:  1    Str:  7    XL:     3   Next: 18%
Magic:  6/6        EV: 13    Int: 18    God:
Gold:   12         SH:  0    Dex: 12    Spells: 5/6 levels left

rFire    . . .     SeeInvis .   b - +1 short sword (venom)
rCold    . . .     Faith    .   (no shield)
rNeg     . . .     Spirit   .   (helmet restricted)
rPois    .         Reflect  .   (no amulet)
rElec    .         Harm     .   (no ring)
rCorr    .         Rampage  .   (no ring)
MR       .....                  (no ring)
Stlth    +++.......             (no ring)
HPRegen  0.07/turn              (no ring)
MPRegen  0.10/turn              (no ring)
                                (no ring)
                                (no ring)

@: drained
A: almost no armour, stealthy swim, amphibious, 8 rings, constrict 8, camouflage
1, gelatinous body 1
a: no special abilities


You were on level 2 of the Dungeon.
You visited 1 branch of the dungeon, and saw 2 of its levels.

You collected 12 gold pieces.

Inventory:

Hand Weapons
 b - a +1 short sword of venom (weapon)
Scrolls
 c - a scroll of enchant armour {unknown}
Potions
 a - a potion of haste {unknown}
 d - a potion of stabbing {unknown}


   Skills:
 - Level 1.0(0.2) Short Blades
 + Level 2.4(1.6) Dodging
 + Level 4.5(3.7) Stealth
 - Level 2.0(1.2) Spellcasting
 * Level 3.7(2.9) Hexes


You had 5 spell levels left.
You knew the following spells:

 Your Spells              Type           Power        Failure   Level
a - Corona                Hex            ##.....      6%          1

Your spell library contained the following spells:

 Spells                   Type           Power        Failure   Level
 Ensorcelled Hibernation  Hex/Ice        #.....       16%         2
 Confusing Touch          Hex            ##......     19%         3
 Tukima's Dance           Hex            ##......     19%         3
 Dazzling Flash           Conj/Hex       #.....       32%         3


Dungeon Overview and Level Annotations

Branches:
Dungeon (2/15)

Altars:


Innate Abilities, Weirdness & Mutations

You cannot wear most types of armour.
You are very stealthy in the water. (Stealth+)
You are amphibious.
You can wear up to eight rings at the same time.
You can use your tentacles to constrict eight enemies at once.
Your skin changes colour to match your surroundings (Stealth+).
Your rubbery body absorbs attacks. (AC +1, EV +1)


Message History

The wight is lightly damaged.
You constrict the wight. The wight misses you.
The wight hits you from afar with a cursed +0 spear of flaming.
You feel drained. The wight burns you.
You hit the wight.
The wight is moderately damaged.
You constrict the wight, but do no damage.
The wight hits you with a cursed +0 hand axe.
* * * LOW HITPOINT WARNING * * *
You feel drained.
* * * LOW HITPOINT WARNING * * *
The wight barely misses you.
You release your grip on the wight.
You see here a falchion.
You completely miss the wight. Your grab misses the wight.
The wight is moderately damaged.
The wight hits you with a cursed +0 hand axe.
* * * LOW HITPOINT WARNING * * *
You feel drained.
You die...

.....l.[..........#
#Jz.......####.#
#...........)#
#.........##.#
#.z.......##.#
#.........##.#
##.#########.#
####g#.........#
#@zz.#.#########
######.# #.# #(#
#.# #.##### #....<#
#######


You could see 2 wights and a goblin.

Vanquished Creatures
  An adder (D:2)
  An ooze (D:2)
  A dart slug (D:1)
  3 goblins
  A hobgoblin (D:1)
  2 jackals (D:1)
  A frilled lizard (D:1)
  3 kobolds
  2 rats (D:1)
15 creatures vanquished.

Notes
Turn   | Place    | Note
-------+----------+-------------------------------------------
     0 | D:1      | Lanoc the Octopode Enchanter began the quest for the Orb.
     0 | D:1      | Reached XP level 1. HP: 11/11 MP: 3/3
   405 | D:1      | Reached XP level 2. HP: 17/17 MP: 5/5
   465 | D:2      | Noticed a wight
   467 | D:2      | Noticed a wight
   489 | D:1      | Reached XP level 3. HP: 21/21 MP: 6/6
   670 | D:2      | HP: 1/21 [wight/cursed +0 hand axe (2)]
   670 | D:2      | Slain by a wight

Illustrated notes

Levels and vault maps discovered:
D:1:      dpeg_arrival_long_road, layout_basic, st_stairs_8
D:2:      layout_basic, lemuel_round_altar, serial_corexii_hall,
          chequers_hall_statues_corner_a, corexii_hall_statues_i

Action                   || total
-------------------------++-------
Melee: Short sword       ||    24
       Dagger            ||     2
       Constrict         ||     6
       Tentacles         ||     1
 Stab: Sleeping          ||     7
Dodge: Dodged            ||    15

Table legend: (Time is in decaauts)
 A = Elapsed time spent in this place.
 B = Non-inter-level travel time spent in this place.
 C = Inter-level travel time spent in this place.
 D = Time resting spent in this place.
 E = Time spent auto-exploring this place.
 F = Levels seen in this place.
 G = Mean time per level.
                   A        B        C        D        E       F      G
               +--------+--------+--------+--------+--------+-----+--------+
         Total |    671 |    664 |      7 |      0 |    528 |   2 |  335.5 |
       Dungeon |    671 |    664 |      7 |      0 |    528 |   2 |  335.5 |
               +--------+--------+--------+--------+--------+-----+--------+

Top non-repeatable levels by time:
     D:1: 558 daAuts
     D:2: 112 daAuts
